 Dungeon Crawl Stone Soup version 0.32-a0-814-g0968bab981 (webtiles) character file.

Game seed: 18318944343880972940

6 tilp the Vexing (level 1, -1/13 HPs)
             Began as a Vampire Enchanter on Mar 22, 2024.
             Slain by a rat (3 damage)
             ... on level 1 of the Dungeon.
             The game lasted 00:00:44 (62 turns).

tilp the Vexing (Vampire Enchanter)                   Turns: 62, Time: 00:00:46

Health: -1/13      AC:  2    Str:  7    XL:     1   Next: 75%
Magic:  3/3        EV: 11    Int: 17    God:
Gold:   0          SH:  0    Dex: 14    Spells: 4/4 levels left

rFire   . . .        a - +1 dagger
rCold   . . .        (no shield)
rNeg    . . .        b - +0 robe
rPois   .            (no helmet)
rElec   .            (no cloak)
rCorr   .            (no gloves)
SInv    +            (no boots)
Will    .....        (no amulet)
Stlth   +++          (no ring)
HPRegen 0.42/turn    (no ring)
MPRegen 0.08/turn

%: no passive effects
@: healing quickly, invisible
A: alive, fangs 3, see invisible, vampiric 1
a: Exsanguinate


You were on level 1 of the Dungeon.
You visited 1 branch of the dungeon, and saw 1 of its levels.

Inventory:

Hand Weapons
 a - a +1 dagger (weapon)
Armour
 b - a +0 robe (worn)
Potions
 c - a potion of invisibility


   Skills:
 * Level 0.3 Fighting
 + Level 1.3 Short Blades
 * Level 0.2(0.8) Long Blades
 + Level 0.0 Armour
 + Level 2.2 Dodging
 + Level 4.4 Stealth
 + Level 0.1 Shields
 + Level 2.0 Spellcasting
 + Level 4.4 Hexes
 + Level 0.0 Evocations


You had 4 spell levels left.
You didn't know any spells.
Your spell library contained the following spells:

 Spells                   Type           Power      Damage    Failure   Level
 Confusing Touch          Hex            16%        N/A       10%         3
 Tukima's Dance           Hex            16%        N/A       10%         3
 Ensorcelled Hibernation  Hex/Ice        18%        N/A       12%         2
 Dazzling Flash           Conj/Hex       18%        N/A       24%         3


Dungeon Overview and Level Annotations

Branches:
Dungeon (1/15)

Altars:


Innate Abilities, Weirdness & Mutations

Your natural rate of healing is accelerated.
You have razor-sharp teeth.
You have supernaturally acute eyesight. (SInv)
You are afflicted with vampirism.


Message History

* * * LOW HITPOINT WARNING * * *
Unknown command.
You fade into invisibility!
The jackal barely misses you. The rat misses you.
The rat completely misses you.
You barely miss the jackal. You bite the jackal.
The jackal is severely wounded.
The rat closely misses you. x2; The jackal misses you.
The jackal closely misses you.
You hit the jackal. Your bite misses the jackal.
The jackal is heavily wounded.
The jackal bites you.
* * * LOW HITPOINT WARNING * * *
A kobold comes into view. It is wielding a +0 club.
The rat closely misses you.
You miss the jackal.
The jackal is severely wounded.
The jackal closely misses you. The rat bites you.
* * * LOW HITPOINT WARNING * * *
The rat bites you but does no damage.
You hit the jackal.
You kill the jackal!
The jackal barely misses you. The rat closely misses you.
The rat bites you but does no damage. The jackal misses you.
You closely miss the jackal.
The jackal is heavily wounded.
The jackal completely misses you. The jackal closely misses you.
The rat barely misses you.
The jackal bites you but does no damage.
You closely miss the jackal. You bite the jackal.
The jackal is severely wounded.
The jackal closely misses you. The rat bites you but does no damage.
The rat closely misses you.
You catch the helpless jackal completely off-guard!
You puncture the jackal!
You kill the jackal!
The jackal bites you.
* * * LOW HITPOINT WARNING * * *
The rat closely misses you. The rat bites you.
You die...

.............#.
#.#............. #
#...............
##.##............!.
................###
................##
.................##
...........h....)$.
...........@....#
..........r.r...#
...........).......
................##.
...$..........K..#
.#....#..........#
.###.........#....
####......#....
######.. ..


You could see a jackal (unable to see you), a kobold (unable to see you) and 2
rats.

Vanquished Creatures
  2 endoplasms (D:1)
  2 jackals (D:1)
  A kobold (D:1)
  A bat (D:1)
6 creatures vanquished.

Notes
Turn   | Place    | Note
-------+----------+-------------------------------------------
     0 | D:1      | tilp the Vampire Enchanter began the quest for the Orb.
     0 | D:1      | Reached XP level 1. HP: 13/13 MP: 3/3
    62 | D:1      | Slain by a rat

Illustrated notes

Levels and vault maps discovered:
D:1:      kennysheep_arrival_forest, layout_rooms, basic_ecumenical_altar

Action                     || total
---------------------------++-------
  Melee: Dagger            ||    26
         Bite              ||     4
    Use: Potion            ||     1
   Stab: Invisible         ||     1
         Sleeping          ||     1
 Armour: Robe              ||    22
  Dodge: Dodged            ||    38

Table legend: (Time is in decaauts)
 A = Elapsed time spent in this place.
 B = Non-inter-level travel time spent in this place.
 C = Inter-level travel time spent in this place.
 D = Time resting spent in this place.
 E = Time spent auto-exploring this place.
 F = Levels seen in this place.
 G = Mean time per level.
                   A        B        C        D        E       F      G
               +--------+--------+--------+--------+--------+-----+--------+
         Total |     60 |     60 |      0 |      0 |     24 |   1 |   60.0 |
       Dungeon |     60 |     60 |      0 |      0 |     24 |   1 |   60.0 |
               +--------+--------+--------+--------+--------+-----+--------+

Top non-repeatable levels by time:
     D:1: 60 daAuts
